 Dungeon Crawl Stone Soup version 0.22.0-49-gab54619 (webtiles) character file.

253 beigtais the Magician (level 5, -13/35 HPs)
             Began as a Demonspawn Wizard on Sept 4, 2018.
             Shot with an arrow by a centaur (15 damage)
             ... on level 5 of the Dungeon.
             The game lasted 00:32:53 (5771 turns).

beigtais the Magician (Demonspawn Wizard)           Turns: 5771, Time: 00:32:54

Health: -13/35     AC:  2    Str:  7    XL:     5   Next: 90%
Magic:  3/12       EV: 12    Int: 21    God:
Gold:   176        SH:  0    Dex: 13    Spells: 3/14 levels left

rFire    . . .     SeeInvis .   e - +2 short sword
rCold    . . .     Gourm    .   (no shield)
rNeg     . . .     Faith    .   a - +0 robe
rPois    +         Spirit   .   b - +0 hat
rElec    .         Reflect  .   (no cloak)
rCorr    +         Harm     .   (no gloves)
MR       .....                  (no boots)
Stlth    +++.......             (no amulet)
HPRegen  0.11/turn              l - ring of poison resistance
MPRegen  0.13/turn              n - ring of resist corrosion

@: no status effects
A: talons 2, agile 1, mutation resistance 1, nightstalker 1
a: no special abilities


You were on level 5 of the Dungeon.
You were not hungry.

You visited 1 branch of the dungeon, and saw 5 of its levels.

You collected 176 gold pieces.

Inventory:

Hand Weapons
 e - a +2 short sword (weapon)
Missiles
 g - 209 stones (quivered)
Armour
 a - a +0 robe (worn)
 b - a +0 hat (worn)
Jewellery
 l - a ring of poison resistance (left hand)
 n - a ring of resist corrosion (right hand)
Wands
 r - a wand of polymorph (11)
Scrolls
 h - a scroll of blinking
 i - 3 scrolls of teleportation
 m - 2 scrolls of remove curse
 p - 2 scrolls of identify
 s - a scroll of immolation
 t - a scroll of fog
Potions
 f - a potion of heal wounds
 j - 2 potions of haste
 k - a potion of ambrosia
 o - a potion of flight
 q - a potion of brilliance
Comestibles
 c - a chunk of flesh
 d - 7 rations


   Skills:
 + Level 0.1 Fighting
 + Level 0.9 Short Blades
 + Level 1.8 Dodging
 + Level 2.2 Stealth
 * Level 5.1 Spellcasting
 * Level 2.5 Conjurations
 + Level 1.9 Summonings
 + Level 0.8 Translocations


You had 3 spell levels left.
You knew the following spells:

 Your Spells              Type           Power        Failure   Level  Hunger
a - Magic Dart            Conj           ###.         3%          1    None
b - Call Imp              Summ           ##......     7%          2    None
c - Blink                 Tloc           N/A          12%         2    None
d - Mephitic Cloud        Conj/Pois/Air  #.......     22%         3    ##.....
e - Conjure Flame         Conj/Fire      ##......     19%         3    ##.....

Your spell library contained the following spells:

 Spells                   Type           Power        Failure   Level  Hunger
 Slow                     Hex            #.......     16%         2    None


Dungeon Overview and Level Annotations

Branches:
Dungeon (5/15)
 Temple: D:4-7

Altars:
Elyvilon
Makhleb
Nemelex Xobeh

Annotations:
D:4 Eustachio


Innate Abilities, Weirdness & Mutations

You have razor-sharp toenails.
You are slightly more attuned to the shadows.
You are agile. (Dex +2)
You are somewhat resistant to further mutation.


Message History

Your white imp dies!
Your shadow imp gestures at the centaur.
The centaur writhes in agony!
The centaur shoots an arrow.
The arrow hits your white imp!
Your white imp dies!
The centaur shoots an arrow.
The arrow hits you!
* * * LOW HITPOINT WARNING * * *
The centaur shoots an arrow.
The arrow closely misses you.
Your shadow imp hits the centaur.
Casting: Call Imp (safe; 7% risk of failure)
Confirm with . or Enter, or press ? or * to list all spells.
A beastly little devil appears in a puff of flame.
The centaur shoots an arrow.
The arrow hits you!
* * * LOW HITPOINT WARNING * * *
Your shadow imp hits the centaur.
Casting: Call Imp (safe; 7% risk of failure)
Confirm with . or Enter, or press ? or * to list all spells.
A beastly little devil appears in a puff of flame.
The centaur shoots an arrow.
The arrow hits you!
You die...

.##### ########
...... .........
......###.......##
..(.5.@...........
..5((...5.........
..c######.........
## ....#.........
#...........
#####.......
#....... ##.......
#..#.####


You could see a centaur, 2 friendly crimson imps and a friendly shadow imp.

Vanquished Creatures
  3 adders
  A shadow imp (D:5)
  A worm (D:3)
  2 dart slugs (D:2)
  5 leopard geckos
  2 orcs (D:4)
  10 bats
  5 giant cockroaches
  5 hobgoblins
  4 jackals (D:1)
  8 kobolds
  2 quokkas (D:3)
  5 frilled lizards
  9 goblins
  6 rats
68 creatures vanquished.

Vanquished Creatures (collateral kills)
  A jelly (D:5)
  An orc priest (D:4)
  An orc wizard (D:4)
  2 worker ants (D:4)
  4 adders
  4 gnolls (D:4)
  4 worms
  2 leopard geckos
  3 orcs
  2 quokkas (D:4)
  A ball python (D:4)
  3 frilled lizards
  A jackal skeleton (D:5)
29 creatures vanquished.

Grand Total: 97 creatures vanquished

Notes
Turn   | Place    | Note
-------+----------+-------------------------------------------
     0 | D:1      | beigtais the Demonspawn Wizard began the quest for the Orb.
     0 | D:1      | Reached XP level 1. HP: 13/13 MP: 4/4
   364 | D:1      | Gained mutation: You have sharp toenails. [demonic
                  | ancestry]
   364 | D:1      | Reached XP level 2. HP: 13/19 MP: 3/6
   672 | D:1      | Learned a level 2 spell: Call Imp
   675 | D:1      | Learned a level 2 spell: Blink
   927 | D:1      | Gained mutation: You are agile. (Dex +2) [potion of
                  | mutation]
   927 | D:1      | Gained mutation: You have razor-sharp toenails. [potion of
                  | mutation]
   927 | D:1      | Gained mutation: You are somewhat resistant to further
                  | mutation. [potion of mutation]
  1610 | D:2      | Mutation became permanent: You have sharp toenails.
                  | [demonic ancestry]
  1610 | D:2      | Gained mutation: You have razor-sharp toenails. [demonic
                  | ancestry]
  1610 | D:2      | Reached XP level 3. HP: 18/24 MP: 6/8
  1881 | D:2      | Found a burning altar of Makhleb.
  2330 | D:2      | Reached skill level 4 in Spellcasting
  2514 | D:2      | Learned a level 3 spell: Mephitic Cloud
  2656 | D:3      | Reached XP level 4. HP: 28/30 MP: 2/10
  3035 | D:3      | Found a white marble altar of Elyvilon.
  3785 | D:3      | Learned a level 3 spell: Conjure Flame
  4168 | D:3      | Found a sparkling altar of Nemelex Xobeh.
  4316 | D:4      | Gained mutation: You are slightly more attuned to the
                  | shadows. [demonic ancestry]
  4316 | D:4      | Reached XP level 5. HP: 31/35 MP: 7/11
  5186 | D:4      | Reached skill level 5 in Spellcasting
  5311 | D:4      | Noticed Eustachio
  5377 | D:5      | Entered Level 5 of the Dungeon
  5713 | D:5      | Noticed a centaur
  5771 | D:5      | Shot with an arrow by a centaur

Skill      XL: |  1  2  3  4  5 |
---------------+----------------+-----
Stealth        | 2 |  2.2
Spellcasting   | 4 5 |  5.1
Conjurations   | 2 |  2.5
Fighting       | |  0.1
Short Blades   | |  0.9
Dodging        | |  1.8
Summonings     | |  1.9
Translocations | |  0.8

Action                   |  1- 3 |  4- 6 || total
-------------------------+-------+-------++-------
Melee: Short sword       |    14 |     7 ||    21
       Kick              |     1 |     1 ||     2
Throw: Stone             |       |     1 ||     1
 Cast: Magic Dart        |   102 |    85 ||   187
       Call Imp          |       |    52 ||    52
       Conjure Flame     |       |     2 ||     2
       Blink             |       |     2 ||     2
       Mephitic Cloud    |       |     1 ||     1
  Use: Scroll            |     8 |     5 ||    13
       Potion            |     5 |     6 ||    11
 Stab: Sleeping          |     2 |     3 ||     5
  Eat: Chunk             |     5 |    10 ||    15
Armor: Robe              |     4 |     5 ||     9
Dodge: Dodged            |    35 |    30 ||    65
